 Dungeon Crawl Stone Soup version 0.29-a0-416-g83a48905f1 (webtiles) character file.

Game seed: 2641903868184430494

81 Essalna the Covert (level 4, 0/41 HPs)
             Began as a Gnoll Delver on May 16, 2022.
             Slain by an iguana (7 damage)
             ... on level 4 of the Dungeon.
             The game lasted 00:03:18 (694 turns).

Essalna the Covert (Gnoll Delver)                    Turns: 694, Time: 00:03:19

Health: 0/41       AC:  3    Str: 12    XL:     4   Next: 42%
Magic:  5/5        EV: 13    Int: 11    God:
Gold:   46         SH:  0    Dex: 13    Spells: 5/5 levels left

rFire   . . .      SeeInvis .   a - +0 hand axe
rCold   . . .      Faith    .   (no shield)
rNeg    . . .      Spirit   .   b - +0 leather armour
rPois   .          Reflect  .   (no helmet)
rElec   .          Harm     .   (no cloak)
rCorr   .          Rampage  .   (no gloves)
Will    .....                   (no boots)
Stlth   ++++......              (no amulet)
HPRegen 0.13/turn               (no ring)
MPRegen 0.09/turn               (no ring)

@: no status effects
A: fangs 1, strong nose, distributed training
a: no special abilities


You were on level 4 of the Dungeon.
You visited 1 branch of the dungeon, and saw 3 of its levels.

You collected 46 gold pieces.

Inventory:

Hand Weapons
 a - a +0 hand axe (weapon)
Armour
 b - a +0 leather armour (worn)
Wands
 g - a wand of digging (3)
Scrolls
 c - 2 scrolls of fog
 d - 3 scrolls of magic mapping
 e - 2 scrolls of fear
 h - 2 scrolls of identify {unknown}
 j - a scroll of blinking {unknown}
Potions
 f - a potion of mutation {unknown}


   Skills:
 + Level 6.6 Fighting
 + Level 1.1 Short Blades
 + Level 1.1 Long Blades
 + Level 4.6 Axes
 + Level 1.1 Maces & Flails
 + Level 1.1 Polearms
 + Level 1.1 Staves
 + Level 1.1 Slings
 + Level 1.1 Bows
 + Level 1.1 Crossbows
 + Level 1.1 Throwing
 + Level 1.1 Armour
 + Level 4.6 Dodging
 + Level 9.6 Stealth
 + Level 1.1 Shields
 + Level 1.1 Unarmed Combat
 + Level 1.1 Spellcasting
 + Level 0.9 Conjurations
 + Level 0.9 Hexes
 + Level 0.9 Summonings
 + Level 0.9 Necromancy
 + Level 0.9 Translocations
 + Level 0.9 Transmutations
 + Level 0.9 Fire Magic
 + Level 0.9 Ice Magic
 + Level 0.9 Air Magic
 + Level 0.9 Earth Magic
 + Level 0.9 Poison Magic
 + Level 1.2 Invocations
 + Level 1.1 Evocations


You had 5 spell levels left.
You didn't know any spells.
Your spell library contained the following spells:

 Spells                   Type           Power      Damage    Failure   Level
 Conjure Flame            Conj/Fire      2%         6-21      63%         3
 Ignite Poison            Fire/Tmut/Pois 2%         N/A       63%         3
 Sticky Flame             Conj/Fire      2%         2d3       95%         4


Dungeon Overview and Level Annotations

Branches:
Dungeon (5/15)
 Temple: D:4-7

Altars:
Dithmenos
Uskayaw

Shops:
D:4 *


Innate Abilities, Weirdness & Mutations

You have very sharp teeth.
Your uncanny sense of smell can sniff out nearby items.
Your experience applies equally to all skills.


Message History

The iguana hisses angrily.
You hit the plant.
The plant begins to die.
The plant is lightly damaged.
You hit the plant.
The plant begins to die.
You hit the plant.
The plant begins to die.
The iguana bites the plant.
The plant begins to die.
You see here a +0 robe.
Something bites the plant!
The plant begins to die.
A nearby plant withers and dies. x2; Something bites the plant.
The plant begins to die.
A nearby plant withers and dies. x2
A nearby plant withers and dies.
There is a stone staircase leading up here.
Nothing quivered!
You climb upwards.
There is a stone staircase leading down here.
You climb downwards.
There is a stone staircase leading up here.
Okay, then.
You hit the iguana but do no damage. The iguana bites you! x2
You hit the iguana.
The iguana is moderately wounded.
The iguana misses you.
You hit the iguana but do no damage.
The iguana is moderately wounded.
The iguana bites you.
You hit the iguana.
The iguana is moderately wounded.
The iguana bites you.
* * * LOW HITPOINT WARNING * * *
You hit the iguana.
The iguana is heavily wounded.
The iguana bites you.
* * * LOW HITPOINT WARNING * * *
You hit the iguana.
The iguana is severely wounded.
The iguana closely misses you.
You closely miss the iguana. You bite the iguana, but do no damage.
The iguana is severely wounded.
The iguana bites you!
You die...

# #. #######.##..#..####
..####.#### #.....#...##
........()# #..........#
..PPPPP...# #.....8....##
#......[..# ##...8...8....
#.P.PP....# #.............
#.P.......#####...8.....8...
..P.[_..P.....#.............
..P.....(.l@..†....8...8....
..P.PPP.P............8......
....../.....................
...PP.PPP.#......#.......#..
#.....$...#.##...#.#._.#.#..
..##.).........#.......#..
#.##.......## ##.## #.. #.
....##### #.. ###


You could see an iguana.

Vanquished Creatures
  A hound (D:4)
  A jelly (D:4)
  An adder (D:4)
  A dart slug (D:4)
  An endoplasm (D:4)
  A giant cockroach (D:4)
  A goblin (D:4)
  2 hobgoblins (D:4)
  2 kobolds (D:4)
11 creatures vanquished.

Vanquished Creatures (others)
  9 plants (D:4)
9 creatures vanquished.

Grand Total: 20 creatures vanquished

Notes
Turn   | Place    | Note
-------+----------+-------------------------------------------
     0 | D:5      | Reached skill level 9 in Stealth
     0 | D:5      | Essalna the Gnoll Delver began the quest for the Orb.
     0 | D:5      | Reached XP level 1. HP: 23/23 MP: 1/1
    43 | D:4      | Noticed a jelly
    47 | D:4      | Killed a jelly
    48 | D:4      | Reached XP level 2. HP: 29/29 MP: 1/3
    48 | D:4      | Reached XP level 3. HP: 35/35 MP: 1/4
    84 | D:4      | Found Lefaungi's Fire Supplies.
   130 | D:4      | Reached skill level 1 in Short Blades
   130 | D:4      | Reached skill level 1 in Long Blades
   130 | D:4      | Reached skill level 1 in Maces & Flails
   130 | D:4      | Reached skill level 1 in Polearms
   130 | D:4      | Reached skill level 1 in Staves
   130 | D:4      | Reached skill level 1 in Slings
   130 | D:4      | Reached skill level 1 in Bows
   130 | D:4      | Reached skill level 1 in Crossbows
   130 | D:4      | Reached skill level 1 in Throwing
   130 | D:4      | Reached skill level 1 in Armour
   130 | D:4      | Reached skill level 1 in Shields
   130 | D:4      | Reached skill level 1 in Unarmed Combat
   130 | D:4      | Reached skill level 1 in Spellcasting
   130 | D:4      | Reached skill level 1 in Invocations
   130 | D:4      | Reached skill level 1 in Evocations
   130 | D:4      | Reached XP level 4. HP: 5/41 MP: 5/5
   478 | D:4      | Found a hide-covered altar of Uskayaw.
   617 | D:4      | Found a shadowy altar of Dithmenos.
   694 | D:4      | Slain by an iguana

Illustrated notes

Levels and vault maps discovered:
D:3:      layout_basic, mainiacjoe_overflow_alcove_4, uniq_terence, uniq_sigmund
D:4:      layout_basic, mainiacjoe_overflow_24_doors,
          nicolae_uskayaw_dance_hall, overflow_temple_1_default,
          mainiacjoe_overflow_cross_hatched, nicolae_shop_fire_sale
          [nicolae_sub_dead_trees], kennysheep_generic_room_15
D:5:      layout_cave_pools, nicolae_wu_jian_wuxing_cycle

Skill      XL: |  1  2  3 |
---------------+----------+-----
Stealth        | |  9.6
Short Blades   | 1 |  1.1
Long Blades    | 1 |  1.1
Maces & Flails | 1 |  1.1
Polearms       | 1 |  1.1
Staves         | 1 |  1.1
Slings         | 1 |  1.1
Bows           | 1 |  1.1
Crossbows      | 1 |  1.1
Throwing       | 1 |  1.1
Armour         | 1 |  1.1
Shields        | 1 |  1.1
Unarmed Combat | 1 |  1.1
Spellcasting   | 1 |  1.1
Invocations    | 1 |  1.2
Evocations     | 1 |  1.1
Fighting       | |  6.6
Axes           | |  4.6
Dodging        | |  4.6
Conjurations   | |  0.9
Hexes          | |  0.9
Summonings     | |  0.9
Necromancy     | |  0.9
Translocations | |  0.9
Transmutations | |  0.9
Fire Magic     | |  0.9
Ice Magic      | |  0.9
Air Magic      | |  0.9
Earth Magic    | |  0.9
Poison Magic   | |  0.9

Action                   |  1- 3 |  4- 6 || total
-------------------------+-------+-------++-------
Melee: Hand axe          |    23 |    21 ||    44
       Bite              |     3 |     2 ||     5
Throw: Javelin           |     7 |     8 ||    15
  Use: Potion            |     1 |       ||     1
 Stab: Sleeping          |       |     1 ||     1
Armor: Leather armour    |     4 |     4 ||     8
Dodge: Dodged            |    23 |     7 ||    30

Table legend: (Time is in decaauts)
 A = Elapsed time spent in this place.
 B = Non-inter-level travel time spent in this place.
 C = Inter-level travel time spent in this place.
 D = Time resting spent in this place.
 E = Time spent auto-exploring this place.
 F = Levels seen in this place.
 G = Mean time per level.
                   A        B        C        D        E       F      G
               +--------+--------+--------+--------+--------+-----+--------+
         Total |    683 |    683 |      0 |      0 |    532 |   3 |  227.7 |
       Dungeon |    683 |    683 |      0 |      0 |    532 |   3 |  227.7 |
               +--------+--------+--------+--------+--------+-----+--------+

Top non-repeatable levels by time:
     D:4: 645 daAuts
     D:5: 37 daAuts
     D:3: 1 daAuts
